 Dungeon Crawl Stone Soup version 0.18-a0-1577-gf591c28 (webtiles) character file.

8 4thArraOfDagon the Caller (level 2, 0/22 HPs)
             Began as a Naga Summoner on Mar 18, 2016.
             Slain by a kobold
             ... wielding a +0 dagger
              (5 damage)
             ... on level 3 of the Dungeon.
             The game lasted 00:01:31 (170 turns).

4thArraOfDagon the Caller (Naga Summoner)            Turns: 170, Time: 00:01:31

Health: 0/22       AC:  1    Str: 10    XL:     2   Next: 8%
Magic:  4/5        EV: 15    Int: 20    God:
Gold:   15         SH:  0    Dex: 16    Spells: 1 memorised, 4 levels left

rFire  . . .     SeeInvis +     h - +0 flail
rCold  . . .     Gourm    .     a - +0 robe
rNeg   . . .     Faith    +     (no shield)
rPois  +         Spirit   .     (no helmet)
rElec  .         Dismiss  .     (no cloak)
rCorr  .         Reflect  .     (no gloves)
SustAt .         Harm     .     (no barding)
MR     .....                    d - amulet of faith
Stlth  ++++......               (no ring)
                                (no ring)

@: brilliant, agile, very slow, not resistant to hostile enchantments, stealthy
A: see invisible, deformed body, poison resistance, slowness 2, slow metabolism
1, spit poison 2, AC +0
a: Spit Poison


You were on level 3 of the Dungeon.
You were not hungry.

You visited 1 branch of the dungeon, and saw 3 of its levels.

You collected 15 gold pieces.

Inventory:

Hand Weapons
 h - a +0 flail (weapon)
Armour
 a - a +0 robe (worn)
Jewellery
 d - an amulet of faith (around neck)
Scrolls
 f - a scroll of identify {unknown}
 i - a scroll of teleportation {unknown}
Books
 b - a book of Callings

   Spells                             Type                      Level
   a - Summon Small Mammal            Summoning                    1
   b - Call Imp                       Summoning                    2
   c - Call Canine Familiar           Summoning                    3
   d - Summon Guardian Golem          Hexes/Summoning              3
   e - Summon Lightning Spire         Summoning/Air                4
   f - Summon Ice Beast               Ice/Summoning                4
Comestibles
 c - a bread ration


   Skills:
 - Level 1.5 Dodging
 - Level 3.0 Stealth
 - Level 2.0 Spellcasting
 * Level 4.4 Summonings


You had 4 spell levels left.
You knew the following spells:

 Your Spells              Type           Power        Failure   Level  Hunger
a - Summon Small Mammal   Summ           ####         1%          1    #......


Dungeon Overview and Level Annotations

Branches:
Dungeon (3/15)

Altars:


Innate Abilities, Weirdness & Mutations

You cannot wear boots.
Your serpentine skin is tough (AC +0).
You have supernaturally acute eyesight.
Armour fits poorly on your strangely shaped body.
Your system is resistant to poisons.
You cover ground very slowly.
You have a slow metabolism.
You can spit poison.


Message History

The kobold hits you with a dagger.
* * * LOW HITPOINT WARNING * * *
Press: ? - help, Shift-Dir - straight line, f/p - kobold
Aim: a kobold, wielding a dagger (severely wounded)
The splash of poison misses the kobold.
You feel slightly more hungry. The kobold hits you but does no damage.
Unknown command.
Drink which item? (? for menu, Esc to quit)
It was a potion of brilliance.
You feel clever all of a sudden. The kobold hits you but does no damage.
Drink which item? (? for menu, Esc to quit)
It was a potion of agility.
You feel agile all of a sudden.
You have got your breath back.
The kobold barely misses you.
Casting: Summon Small Mammal
Confirm with . or Enter, or press ? or * to list all spells.
The kobold hits you with a dagger.
You die...

.. #....(.....# #..
##.###.#####
####.###.###.....##
......)<..###......
...................
##.####....##......
..####..†........
.................
.####...b@K......
###..........
##.........
..........
...........
......[#####
.....#### ...##.#


You could see a kobold and a friendly bat.

Vanquished Creatures
  A giant gecko (D:3)
  An orc (D:3)
  2 bats
  A rat (D:3)
5 creatures vanquished.

Vanquished Creatures (collateral kills)
  A giant cockroach (D:2)
  A hobgoblin (D:2)
  A ball python (D:2)
3 creatures vanquished.

Grand Total: 8 creatures vanquished

Notes
Turn   | Place    | Note
--------------------------------------------------------------
     0 | D:1      | 4thArraOfDagon the Naga Summoner began the quest for the Orb.
     0 | D:1      | Reached XP level 1. HP: 15/15 MP: 3/3
     0 | D:1      | jacquesderrida: noice
     0 | D:1      | 4thArraOfDagon: aight
    18 | D:1      | jacquesderrida: gotta ask them rodents for help
    79 | D:2      | have faith
   147 | D:3      | Reached XP level 2. HP: 16/22 MP: 5/5
   170 | D:3      | Slain by a kobold

Vault maps used:
D:1:      kilobyte_arrival_exit_the_forest, serial_park_tiny_2, st_stairs_13,
          minmay_misc_feat_nine_boxes
D:2:      minmay_door_path, kennysheep_vampire_church
D:3:      st_stairs_5, kennysheep_cross_room, minmay_misc_feat_iff

Action                   || total
-------------------------++-------
Melee: Unarmed           ||     5
       Flail             ||     7
 Cast: Summon Small Mamm ||     4
 Abil: Spit Poison       ||     9
  Use: Potion            ||     2
